 Dungeon Crawl Stone Soup version 0.21-a0-634-gaf8bc5d (webtiles) character file.

4 theanonym the Ruffian (level 1, 0/19 HPs)
             Began as an Ogre Transmuter on Dec 29, 2017.
             Slain by a hobgoblin
             ... wielding a +0 club
              (7 damage)
             ... on level 1 of the Dungeon.
             The game lasted 00:00:24 (216 turns).

theanonym the Ruffian (Ogre Transmuter)              Turns: 216, Time: 00:00:25

Health: 0/19       AC:  3    Str: 13    XL:     1   Next: 60%
Magic:  2/3        EV: 10    Int: 14    God:
Gold:   18         SH:  0    Dex:  9    Spells: 3/4 levels left

rFire    . . .     SeeInvis .     - Unarmed
rCold    . . .     Gourm    .   (no shield)
rNeg     . . .     Faith    .   b - +0 robe {0}
rPois    .         Spirit   .   (helmet restricted)
rElec    .         Reflect  .   (no cloak)
rCorr    .         Harm     .   (gloves unavailable)
MR       .....                  (boots unavailable)
Stlth    +.........             (no amulet)
HPRegen  0.06/turn              (no ring)
MPRegen  0.08/turn              (no ring)

@: appendage
A: large, unfitting armour, horns 2, tough skin 1
a: End Transformation


Innate Abilities, Weirdness & Mutations

You are too large for most types of armour.
You have tough skin. (AC +1)
You have a pair of horns on your head.


   Skills:
 + Level 1.6 Fighting
 - Level 1.7 Dodging
 * Level 2.8 Unarmed Combat
 - Level 2.4 Spellcasting
 + Level 1.8 Transmutations


You had 3 spell levels left.
You knew the following spells:

 Your Spells              Type           Power        Failure   Level  Hunger
a - Beastly Appendage     Tmut           #.....       11%         1    #......

Action                   || total
-------------------------++-------
Melee: Unarmed           ||    15
 Cast: Beastly Appendage ||     1
Armor: Robe              ||     4
Dodge: Dodged            ||     8

Inventory:

Missiles
 a - 12 arrows
Armour
 b - a +0 robe (worn) {0}
Scrolls
 d - a scroll of identify {unknown}
Books
 c - a book of Changes
Comestibles
 e - 3 rations
 f - 4 chunks of flesh


You were on level 1 of the Dungeon.
You were not hungry.
You had grown temporary horns.
You visited 1 branch of the dungeon, and saw 1 of its levels.

You collected 18 gold pieces.

Dungeon Overview and Level Annotations

Branches:
Dungeon (1/15)

Altars:


Message History

e - a ration Welcome, theanonym the Ogre Transmuter.
The bosom of this dungeon contains the fabled artefact, the Orb of Zot.
Found a staircase leading out of the dungeon.
Unknown command.
Unknown command.
You enter the shallow water.
Moving in this stuff is going to be slow.
e - 2 rations (gained 1)
Found a stone staircase leading down.
There is a stone staircase leading down here.
You open the door.
A goblin comes into view.
Found a scroll labeled TOUMOXKOGEXO.
Found an escape hatch in the floor.
Unknown command.
There is an open door here.
The goblin hits you but does no damage.
You hit the goblin.
You kill the goblin!
No target in view!
No target in view!
No target in view!
No target in view!
No target in view!
d - a scroll labeled TOUMOXKOGEXO
e - 3 rations (gained 1)
You now have 5 gold pieces.
You now have 18 gold pieces (gained 13).
Found a stone staircase leading down. 2 goblins come into view.
The goblin shouts! x2
The goblin moves out of view.
A goblin is nearby!
A goblin is nearby!
The goblin closely misses you.
You barely miss the goblin. You hit the goblin but do no damage.
The goblin hits you but does no damage.
You hit the goblin.
You kill the goblin!
You barely miss the goblin. The goblin barely misses you.
You closely miss the goblin. The goblin hits you but does no damage.
You hit the goblin.
You kill the goblin!
No target in view!
No target in view!
No target in view!
You butcher the goblin corpse.
f - 2 chunks of flesh You butcher the goblin corpse.
f - 4 chunks of flesh (gained 2)
Found 14 sling bullets.
A hobgoblin comes into view. It is wielding a club.
The hobgoblin shouts!
You hear a shout! x2
You see here 13 gold pieces.
A hobgoblin is nearby!
A hobgoblin is nearby!
A goblin comes into view.
The goblin shouts!
A hobgoblin comes into view. It is wielding a club.
A hobgoblin comes into view.
The hobgoblin shouts! x2
You hit the hobgoblin. The hobgoblin barely misses you.
You hit the hobgoblin but do no damage. The hobgoblin barely misses you.
You completely miss the hobgoblin. You closely miss the hobgoblin.
The hobgoblin hits you with a club.
You take 2 damage, and have 17/19 hp.
You hit the hobgoblin.
The hobgoblin hits you but does no damage.
The goblin hits you.
You take 1 damage, and have 16/19 hp.
Sorry, you're not good enough to have a special ability.
Unknown command.
You grow a pair of large bovine horns.
The hobgoblin hits you with a club. The goblin misses you.
You take 4 damage, and have 12/19 hp.
MASSIVE DAMAGE!!
You now have 2/3 mp.
You hit the hobgoblin but do no damage. The hobgoblin closely misses you. x2
The goblin hits you.
You take 1 damage, and have 11/19 hp.
You hit the hobgoblin but do no damage. The hobgoblin closely misses you.
The hobgoblin hits you with a club.
You take 4 damage, and have 7/19 hp.
MASSIVE DAMAGE!!
You are too injured to fight recklessly!
You are too injured to fight recklessly!
You are too injured to fight recklessly!
You barely miss the hobgoblin. Your headbutt misses the hobgoblin.
The goblin hits you but does no damage. The hobgoblin hits you with a club!
You die...

#.##.....#
#.##.....########
#.##.....#......#
#.##.....#......####
#>.................###
#.##.....#.......(....
#.##.....#....$.......
#.##.....#####...?....
#.######## #@g......
#.# #gg...... #.#
#g%...... #. .........
......... ..........
.......... ....####...


You could see 3 hobgoblins and a goblin.

Notes
Turn   | Place    | Note
-------+----------+-------------------------------------------
     0 | D:1      | theanonym the Ogre Transmuter began the quest for the Orb.
     0 | D:1      | Reached XP level 1. HP: 19/19 MP: 3/3
   215 | D:1      | HP: 7/19 [hobgoblin/club (4)]
   216 | D:1      | Slain by a hobgoblin

Vanquished Creatures
  3 goblins (D:1)
3 creatures vanquished.

Table legend:
 A = Turns spent in this place as a percentage of turns spent in the entire game.
 B = Non-inter-level travel turns spent in this place as a percentage of non-inter-level travel turns spent in the entire game.
 C = Inter-level travel turns spent in this place as a percentage of turns spent in this place.
 D = Turns resting spent in this place as a percentage of non-inter-level travel turns spent in this place.
 E = Turns spent auto-exploring this place as a percentage of non-inter-level travel turns spent in this place.
 F = Non-inter-level travel turns spent in this place divided by the number of levels of this place that you've seen.
                   A       B       C       D       E      F
               +-------+-------+-------+-------+-------+----------------------
         Total | 100.0 | 100.0 |   0.0 |   0.0 |  88.4 | 216.0
       Dungeon | 100.0 | 100.0 |   0.0 |   0.0 |  88.4 | 216.0
               +-------+-------+-------+-------+-------+----------------------
